 Seeded DCSS version 0.28-a0-750-g7c675f85b1 (webtiles) character file.

Game seed: 4681969607130712986 (custom seed)

3 ytrimaz the Skirmisher (level 1, 17/18 HPs)
             Began as a Demonspawn Fighter on Oct 30, 2021.
             Was a Follower of Trog.
             Quit the game on level 1 of the Dungeon.
             The game lasted 00:00:44 (213 turns).

ytrimaz the Skirmisher (Demonspawn Fighter)          Turns: 213, Time: 00:00:44

Health: 17/18      AC:  6    Str: 16    XL:     1   Next: 41%
Magic:  1/1        EV:  9    Int:  9    God:    Trog [*.....]
Gold:   0          SH:  4    Dex: 12    Spells: 0/0 levels left

rFire   . . .      SeeInvis .   a - +0 rapier
rCold   . . .      Faith    .   c - +0 buckler
rNeg    . . .      Spirit   .   b - +0 scale mail
rPois   .          Reflect  .   (no helmet)
rElec   .          Harm     .   (no cloak)
rCorr   .          Rampage  .   (no gloves)
Will    .....                   (no boots)
Stlth   ..........              (no amulet)
HPRegen 0.06/turn               (no ring)
MPRegen 0.07/turn               (no ring)

@: no status effects
A: no striking features
a: Renounce Religion, Berserk


You were on level 1 of the Dungeon.
You worshipped Trog.
Trog was aware of your devotion.
You visited 1 branch of the dungeon, and saw 1 of its levels.

Inventory:

Hand Weapons
 a - a +0 rapier (weapon)
Armour
 b - a +0 scale mail (worn)
 c - a +0 buckler (worn)
Potions
 d - a potion of might
 e - a potion of curing {unknown}


   Skills:
 + Level 3.1 Fighting
 + Level 1.8 Short Blades
 + Level 2.7 Armour
 + Level 2.7 Shields


You couldn't memorise any spells.
You didn't know any spells.
Your spell library was empty.

Dungeon Overview and Level Annotations

Branches:
Dungeon (1/15)

Altars:
Trog

Shops:
D:1 =


Message History

You barely miss the kobold. The kobold hits you with a +0 whip.
You block the kobold's attack.
You puncture the kobold!
You kill the kobold!
Found a stone staircase leading down.
Things that are here:
a +0 whip; 4 stones; a kobold corpse HP restored.
A goblin comes into view. It is wielding a +0 club.
The goblin shouts!
A goblin is nearby!
A goblin is nearby!
A goblin is nearby!
The goblin hits you with a +0 club.
You closely miss the goblin. The goblin hits you but does no damage.
You hit the goblin.
You kill the goblin!
You see here a +0 club.
Found a faded altar of an unknown god.
An endoplasm comes into view.
The endoplasm quivers.
An endoplasm is nearby!
An endoplasm is nearby!
The endoplasm freezes you.
You are frozen.
The endoplasm hits you but does no damage.
You hit the endoplasm.
The endoplasm is moderately wounded.
The endoplasm hits you but does no damage.
You hit the endoplasm.
You kill the endoplasm!
There is a faded altar of an unknown god here.
You cannot tell which god this altar belongs to.
Convert to them anyway?
Okay, then.
You cannot tell which god this altar belongs to.
Convert to them anyway?
Trog accepts your prayer! Trog welcomes you!
You can now go berserk at will.
Found a fizzy sapphire potion.
Are you sure you want to abandon this character and quit the game? (Confirm with "yes".)

##### ## ... ###. ######
#.# ###... #.....###
####.####.....
...!....###.............
.......@..............##
...................####
.....###.........###
.### ###.._..###
#######.# #.# ##.# #..#
#.##


There were no monsters in sight!

Vanquished Creatures
  An endoplasm (D:1)
  A goblin (D:1)
  A kobold (D:1)
  2 toadstools (D:1)
5 creatures vanquished.

Notes
Turn   | Place    | Note
-------+----------+-------------------------------------------
     0 | D:1      | ytrimaz the Demonspawn Fighter began the quest for the Orb.
     0 | D:1      | Reached XP level 1. HP: 18/18 MP: 1/1
    64 | D:1      | Found Pauhogat's Jewellery Emporium.
   193 | D:1      | Found a faded altar of an unknown god.
   207 | D:1      | Prayed at the altar of an unknown god.
   207 | D:1      | Became a worshipper of Trog the Wrathful
   207 | D:1      | Reached * piety under Trog
   213 | D:1      | Quit the game

Illustrated notes

Levels and vault maps discovered:
D:1:      ldierk_water_garden, layout_loops_ring,
          hellmonk_ecumenical_altar_zigzags, serial_shops, nicolae_shop_crystal,
          shop, shop, nicolae_shop_waterfront, nicolae_diamond_shop

Action                   || total
-------------------------++-------
Melee: Rapier            ||    11
Armor: Scale mail        ||     4
Block: Buckler           ||     1

Table legend: (Time is in decaauts)
 A = Elapsed time spent in this place.
 B = Non-inter-level travel time spent in this place.
 C = Inter-level travel time spent in this place.
 D = Time resting spent in this place.
 E = Time spent auto-exploring this place.
 F = Levels seen in this place.
 G = Mean time per level.
                   A        B        C        D        E       F      G
               +--------+--------+--------+--------+--------+-----+--------+
         Total |    214 |    209 |      5 |      0 |    162 |   1 |  214.0 |
       Dungeon |    214 |    209 |      5 |      0 |    162 |   1 |  214.0 |
               +--------+--------+--------+--------+--------+-----+--------+

Top non-repeatable levels by time:
     D:1: 214 daAuts
